 Dungeon Crawl Stone Soup version 0.19.3-4-gbf9329e (webtiles) character file.

134 Naow the Conjurer (level 4, -2/24 HPs)
             Began as a Deep Elf Conjurer on Jan 26, 2017.
             Slain by a gnoll (7 damage)
             ... on level 2 of the Dungeon.
             The game lasted 00:04:43 (2073 turns).

Naow the Conjurer (Deep Elf Conjurer)               Turns: 2073, Time: 00:04:43

Health: -2/24      AC:  2    Str:  5    XL:     4   Next: 95%
Magic:  0/12       EV: 13    Int: 21    God:
Gold:   47         SH:  0    Dex: 15    Spells: 2 memorised, 8 levels left

rFire  . . .     SeeInvis .     m - -2 dagger (curse)
rCold  . . .     Gourm    .     a - +0 robe
rNeg   . . .     Faith    .     (no shield)
rPois  .         Spirit   .     (no helmet)
rElec  .         Reflect  .     (no cloak)
rCorr  .         Harm     .     (no gloves)
MR     .....                    (no boots)
Stlth  ++........               (no amulet)
                                (no ring)
                                (no ring)

@: no status effects
A: no striking features
a: no special abilities


You were on level 2 of the Dungeon.
You were not hungry.

You visited 1 branch of the dungeon, and saw 2 of its levels.

You collected 47 gold pieces.

Inventory:

Hand Weapons
 m - a cursed -2 dagger (weapon)
Armour
 a - a +0 robe (worn)
Jewellery
 g - an uncursed ring of see invisible {unknown}
Scrolls
 d - a scroll of teleportation {unknown}
 h - 2 scrolls of identify {unknown}
 i - 4 scrolls of immolation {unknown}
 j - a scroll of remove curse {unknown}
Potions
 e - 2 potions of haste {unknown}
 f - a potion of flight {unknown}
 l - a potion of heal wounds {unknown}
 o - a potion of lignification {unknown}
 p - a potion of cure mutation {unknown}
 q - a potion of curing
 r - 2 potions of might {unknown}
Books
 b - a book of Conjurations

   Spells                             Type                      Level
   a - Magic Dart                     Conjuration                  1
   b - Searing Ray                    Conjuration                  2
   c - Dazzling Spray                 Conjuration/Hexes            3
   d - Fulminant Prism                Conjuration/Hexes            4
   e - Iskenderun's Mystic Blast      Conjuration                  4
   f - Iskenderun's Battlesphere      Conjuration/Charms           5
Comestibles
 c - 2 bread rations
 k - 6 chunks of flesh
 n - a royal jelly


   Skills:
 - Level 2.4 Dodging
 - Level 2.4 Stealth
 + Level 4.4 Spellcasting
 * Level 6.3 Conjurations


You had 8 spell levels left.
You knew the following spells:

 Your Spells              Type           Power        Failure   Level  Hunger
a - Magic Dart            Conj           ####         1%          1    None
b - Searing Ray           Conj           ####..       1%          2    #......


Dungeon Overview and Level Annotations

Branches:
Dungeon (2/15)

Altars:

Annotations:
D:2 Terence


Message History

The gnoll misses you.
Casting: Magic Dart
Confirm with . or Enter, or press ? or * to list all spells.
Aiming: Magic Dart
Press: ? - help, Shift-Dir - straight line, f/p - gnoll
Aim: a gnoll (severely wounded)
The magic dart hits the gnoll.
The gnoll is almost dead.
The gnoll closely misses you.
You hit the gnoll.
The gnoll is almost dead.
The gnoll hits you.
* * * LOW HITPOINT WARNING * * *
You closely miss the gnoll.
The gnoll is almost dead.
The gnoll misses you.
You barely miss the gnoll.
The gnoll is almost dead.
The gnoll hits you!
You die...

....#
#.≈≈.##'#............#
#.###
#.≈≈.'..#............#
...#
#.≈≈.#..#............#
...#
#.≈≈.#..#............#
...#
#.≈≈.#..#...........##
...#
#.≈≈.#..#..........##
..##
#.≈≈.#..#[##########
.#.# #.≈≈.#.g### ...#
##≈≈##.@# ...# ####
####


You could see a gnoll.

Vanquished Creatures
  Jessica (D:2)
  Ijyb (D:1)
  2 gnolls (D:2)
  2 adders (D:2)
  An ooze (D:1)
  A leopard gecko (D:2)
  A giant cockroach (D:1)
  7 goblins
  5 hobgoblins
  5 jackals
  4 bats
  2 frilled lizards (D:1)
  6 kobolds
  4 rats
42 creatures vanquished.

Notes
Turn   | Place    | Note
-------+----------+-------------------------------------------
     0 | D:1      | Naow the Deep Elf Conjurer began the quest for the Orb.
     0 | D:1      | Reached XP level 1. HP: 10/10 MP: 6/6
   240 | D:1      | Reached XP level 2. HP: 15/15 MP: 2/8
   299 | D:1      | Reached skill level 5 in Conjurations
   871 | D:2      | Noticed Ijyb
   996 | D:1      | Killed Ijyb
   996 | D:1      | Reached XP level 3. HP: 9/19 MP: 1/10
  1189 | D:1      | Learned a level 2 spell: Searing Ray
  1282 | D:2      | Reached XP level 4. HP: 24/24 MP: 3/11
  1289 | D:2      | Noticed Jessica
  1292 | D:2      | Killed Jessica
  1292 | D:2      | Reached skill level 6 in Conjurations
  1506 | D:2      | Noticed Terence
  1514 | D:2      | HP: 1/24 [poisoned by Terence]
  2073 | D:2      | Slain by a gnoll

Skill      XL: |  1  2  3  4 |
---------------+-------------+-----
Conjurations   | 5 6 |  6.3
Spellcasting   | 4 |  4.4
Dodging        | |  2.4
Stealth        | |  2.4

Action                   |  1- 3 |  4- 6 || total
-------------------------+-------+-------++-------
Melee: Dagger            |       |     6 ||     6
 Cast: Magic Dart        |    65 |    33 ||    98
       Searing Ray       |       |     3 ||     3
  Use: Potion            |       |     2 ||     2
  Eat: Chunk             |     1 |     2 ||     3
Armor: Robe              |     3 |       ||     3
Dodge: Dodged            |    12 |    13 ||    25
